 Dungeon Crawl Stone Soup version 0.28-b1-25-g9875b3f (webtiles) character file.

Game seed: 16509594912431968917

101 Host24 the Bolt Thrower (level 5, -5/32 HPs)
             Began as a Kobold Hunter on Feb 2, 2022.
             Killed by nerve-wracking pain
             ... invoked by Grinder
              (9 damage)
             ... while paralysed by Grinder
             ... on level 4 of the Dungeon.
             The game lasted 00:06:29 (3739 turns).

Host24 the Bolt Thrower (Kobold Hunter)             Turns: 3739, Time: 00:06:29

Health: -5/32      AC:  5    Str: 11    XL:     5   Next: 4%
Magic:  5/5        EV:  3    Int: 13    God:
Gold:   116        SH:  0    Dex: 15    Spells: 4/4 levels left

rFire   . . .      SeeInvis .   n - +1 war axe (flame)
rCold   . . .      Faith    .   (no shield)
rNeg    . . .      Spirit   .   c - +0 leather armour
rPois   .          Reflect  .   p - +1 hat
rElec   .          Harm     .   r - +0 cloak
rCorr   .          Rampage  .   (no gloves)
Will    .....                   (no boots)
Stlth   +++.......              (no amulet)
HPRegen 0.10/turn               e - ring of flight
MPRegen 0.09/turn               (no ring)

@: paralysed, flying
A: small, no large weapons, nightstalker 3
a: no special abilities


You were on level 4 of the Dungeon.
You visited 1 branch of the dungeon, and saw 4 of its levels.

You collected 116 gold pieces.

Inventory:

Hand Weapons
 a - a +1 hand crossbow
 n - a +1 war axe of flaming (weapon)
Missiles
 d - 45 bolts
 f - 22 stones (quivered)
 i - 21 sling bullets
 l - a throwing net
 o - 20 arrows
Armour
 c - a +0 leather armour (worn)
 p - a +1 hat (worn)
 r - a +0 cloak (worn)
 u - a +2 chain mail of fire resistance
Jewellery
 e - a ring of flight (left hand)
 k - a ring of fire
Wands
 t - a wand of polymorph (1)
Scrolls
 b - 4 scrolls of identify {unknown}
 m - 2 scrolls of fog {unknown}
 q - 2 scrolls of vulnerability {unknown}
 s - a scroll of fear {unknown}
 v - a scroll of brand weapon {unknown}
 w - a scroll of torment {unknown}
Potions
 g - 2 potions of flight {unknown}
 h - 3 potions of might {unknown}
 j - a potion of degeneration {unknown}


   Skills:
 - Level 3.0 Fighting
 + Level 6.4 Crossbows
 - Level 3.2 Dodging
 - Level 1.3 Stealth


You had 4 spell levels left.
You didn't know any spells.
Your spell library contained the following spells:

 Spells                   Type           Power      Damage    Failure   Level
 Stone Arrow              Conj/Erth      0%         3d7       77%         3
 Animate Armour           Summ/Erth      0%         N/A       99%         4
 Lehudib's Crystal Spear  Conj/Erth      0%         10d2      100%        8


Dungeon Overview and Level Annotations

Branches:
Dungeon (4/15)
 Temple: D:4-7

Altars:

Annotations:
D:4 Grinder


Innate Abilities, Weirdness & Mutations

You are small and have problems with some larger weapons.
You are completely attuned to the shadows.


Message History

There is an open door here.
There is an open door here.
You see here a +0 dagger.
There is an open door here.
There is an open door here.
There is an open door here.
There is an open door here.
There is an open door here.
There is an open door here.
There is an open door here.
You reach down and open the door.
There is an open door here.
Found a stone staircase leading down.
You pick up a book of Armaments and begin reading...
You add the spells Stone Arrow, Animate Armour and Lehudib's Crystal Spear to your library.
Done exploring.
This spell is potentially lethal to cast!
Memorise Animate Armour, consuming 4 spell levels and leaving 0?
Okay, then.
Okay, then.
Done exploring.
There is a stone staircase leading down here.
You fly downwards.
There is a stone staircase leading up here.
You now have 109 gold pieces (gained 12).
You now have 116 gold pieces (gained 7).
Grinder comes into view.
Grinder shouts!
Grinder gestures at you.
You suddenly lose the ability to move!
Grinder hits you.
You writhe in agony.
Grinder hits you! Grinder hits you.
* * * LOW HITPOINT WARNING * * *
You writhe in agony.
* * * LOW HITPOINT WARNING * * *
Grinder barely misses you. Grinder gestures at you.
Pain shoots through your body!
You die...

.# ##...#.# ...
#....#.###
#.##....#....
#.......#....
####.###......
###....#........
#.#......#......
#.....#####5....
##...####..@.....
......# #........
#.###.###........
. #.##.<.......
###.#.........
.............
.##........#.
#........#
...........


You could see Grinder.

Vanquished Creatures
  Ijyb (D:3)
  An adder (D:2)
  2 dart slugs (D:1)
  3 ball pythons
  3 bats
  2 endoplasms
  6 giant cockroaches
  7 goblins
  3 hobgoblins
  9 jackals
  7 kobolds
  2 quokkas (D:1)
  3 frilled lizards
  8 rats
57 creatures vanquished.

Notes
Turn   | Place    | Note
-------+----------+-------------------------------------------
     0 | D:1      | Host24 the Kobold Hunter began the quest for the Orb.
     0 | D:1      | Reached XP level 1. HP: 12/12 MP: 1/1
   289 | D:1      | Reached skill level 5 in Crossbows
   354 | D:1      | Reached XP level 2. HP: 1/18 MP: 2/2
   835 | D:1      | Reached XP level 3. HP: 17/23 MP: 3/3
  1833 | D:2      | Reached XP level 4. HP: 7/28 MP: 4/4
  2453 | D:2      | Reached skill level 6 in Crossbows
  2829 | D:3      | Noticed Ijyb
  2907 | D:3      | Killed Ijyb
  2908 | D:3      | Reached XP level 5. HP: 26/32 MP: 5/5
  3729 | D:4      | Noticed Grinder
  3733 | D:4      | Paralysed by Grinder for 7 turns
  3739 | D:4      | Killed from afar by Grinder

Illustrated notes

Levels and vault maps discovered:
D:1:      nagdon_arrival_double_spiral, layout_basic, serial_bayou_crossing
D:2:      layout_loops_ring
D:3:      layout_basic, chequers_serial_rivers_micro_d, uniq_ijyb
D:4:      layout_rooms, grunt_gozag_statues, minmay_temple_entry_glassed_door,
          nrook_campfire, uniq_grinder

Skill      XL: |  1  2  3  4 |
---------------+-------------+-----
Crossbows      | 5 6 |  6.4
Fighting       | 3 |  3.0
Dodging        | 3 |  3.2
Stealth        | |  1.3

Action                   |  1- 3 |  4- 6 || total
-------------------------+-------+-------++-------
Melee: Short sword       |   112 |    14 ||   126
       Punch             |     2 |       ||     2
       War axe           |       |    33 ||    33
       Unarmed           |       |    19 ||    19
 Fire: Hand crossbow     |    17 |     3 ||    20
 Stab: Sleeping          |     6 |     6 ||    12
       Confused          |       |     2 ||     2
Armor: Leather armour    |    24 |     6 ||    30
Dodge: Dodged            |   109 |    46 ||   155
